 Dungeon Crawl Stone Soup version 0.27-a0-1116-g91b3acb402 (webtiles) character file.

Game seed: 1578282670358473328

34 bisexualwizard the Firebug (level 3, -5/19 HPs)
             Began as a Deep Elf Fire Elementalist on May 1, 2021.
             Killed from afar by Natasha (6 damage)
             ... with a magic dart
             ... on level 3 of the Dungeon.
             The game lasted 00:06:47 (1663 turns).

bisexualwizard the Firebug (DEFE)                   Turns: 1663, Time: 00:06:47

Health: -5/19      AC:  3    Str:  5    XL:     3   Next: 14%
Magic:  7/9        EV: 27    Int: 20    God:
Gold:   146        SH:  0    Dex: 15    Spells: 7/8 levels left

rFire    . . .     SeeInvis .   (no weapon)
rCold    . . .     Faith    .   (no shield)
rNeg     . . .     Spirit   .   a - +0 robe
rPois    .         Reflect  .   (no helmet)
rElec    .         Harm     .   (no cloak)
rCorr    .         Rampage  .   (no gloves)
Will     .....                  f - +0 pair of boots
Stlth    ++........             d - amulet of the acrobat
HPRegen  0.06/turn              (no ring)
MPRegen  0.11/turn              (no ring)

@: acrobatic
A: no striking features
a: no special abilities


You were on level 3 of the Dungeon.
You visited 1 branch of the dungeon, and saw 3 of its levels.

You collected 146 gold pieces.

Inventory:

Armour
 a - a +0 robe (worn)
 f - a +0 pair of boots (worn)
Jewellery
 d - an amulet of the acrobat (around neck)
Scrolls
 c - a scroll of enchant armour {unknown}
 e - a scroll of fog {unknown}
Potions
 b - a potion of curing {unknown}


   Skills:
 + Level 2.4 Dodging
 + Level 2.8 Stealth
 + Level 3.2 Spellcasting
 + Level 1.3 Conjurations
 * Level 4.3 Fire Magic


You had 7 spell levels left.
You knew the following spells:

 Your Spells              Type           Power      Damage    Failure   Level
a - Foxfire               Conj/Fire      56%        2x1d6     4%          1

Your spell library contained the following spells:

 Spells                   Type           Power      Damage    Failure   Level
 Conjure Flame            Conj/Fire      14%        6-21      13%         3
 Inner Flame              Hex/Fire       11%        N/A       17%         3
 Sticky Flame             Conj/Fire      14%        2d4       38%         4
 Fireball                 Conj/Fire      7%         3d5       75%         5


Dungeon Overview and Level Annotations

Branches:
Dungeon (3/15)

Altars:

Shops:
D:1 *

Annotations:
D:2 Sigmund
D:3 Natasha


Message History

HP restored.
There is a stone staircase leading up here.
Natasha, Servant of Life and Death comes into view.
Casting: Foxfire (safe; 4% risk of failure)
Confirm with . or Enter, or press ? or * to list all spells.
You conjure some foxfire!
Your foxfire dissipates!
Your foxfire dissipates!
A gnoll comes into view. It is wielding a +0 spear.
Casting: Foxfire (safe; 4% risk of failure)
Confirm with . or Enter, or press ? or * to list all spells.
You conjure some foxfire!
The gnoll shouts!
The foxfire hits Natasha.
Natasha is moderately wounded.
Your foxfire dissipates!
Natasha claws you! Natasha claws you.
Natasha mewls in sadness.
Casting: Foxfire (safe; 4% risk of failure)
Confirm with . or Enter, or press ? or * to list all spells.
You conjure some foxfire!
Natasha completely misses you.
Casting: Foxfire (safe; 4% risk of failure)
Confirm with . or Enter, or press ? or * to list all spells.
There is not enough space to conjure foxfire!
Your foxfire dissipates!
The foxfire hits Natasha.
Natasha is heavily wounded.
Natasha misses you.
Casting: Foxfire (safe; 4% risk of failure)
Confirm with . or Enter, or press ? or * to list all spells.
You conjure some foxfire!
Natasha claws you.
* * * LOW HITPOINT WARNING * * *
The gnoll misses you.
Your foxfire dissipates!
The foxfire hits Natasha.
Natasha is severely wounded.
Natasha stares at you and mumbles some strange words.
The magic dart hits you.
You die...

######## #......#
#.<###.#
#.######.#.##.###.###
#.....@###..........
#.######h#.##.###.##.
#.g.##.###.##.
#.............
#######.###.#. .# .#
.# .#


You could see Natasha and a gnoll.

Vanquished Creatures
  5 bats (D:1)
  2 endoplasms (D:1)
  A giant cockroach (D:1)
  6 hobgoblins
  4 jackals (D:2)
  2 ball pythons
  4 frilled lizards (D:1)
  3 goblins (D:1)
  3 rats (D:1)
30 creatures vanquished.

Vanquished Creatures (others)
  65 foxfires
65 creatures vanquished.

Grand Total: 95 creatures vanquished

Notes
Turn   | Place    | Note
-------+----------+-------------------------------------------
     0 | D:1      | bisexualwizard the Deep Elf Fire Elementalist began the
                  | quest for the Orb.
     0 | D:1      | Reached XP level 1. HP: 10/10 MP: 6/6
   466 | D:1      | Reached XP level 2. HP: 15/15 MP: 6/8
   627 | D:1      | Reached skill level 4 in Fire Magic
   722 | D:1      | Found Iqear's Assorted Antiques.
   942 | D:1      | Found a faded altar of an unknown god.
  1426 | D:2      | Noticed Sigmund
  1450 | D:2      | Reached XP level 3. HP: 19/19 MP: 6/9
  1640 | D:3      | Noticed Natasha
  1663 | D:3      | Killed from afar by Natasha

Illustrated notes

Levels and vault maps discovered:
D:1:      minmay_arrival_three_doors, layout_basic, serial_shops, shop_coins,
          hellmonk_ecumenical_altar_prayer_group,
          minmay_misc_feat_secret_circle, hangedman_decor_clover_reticule
D:2:      layout_basic, grunt_ministairs_9, minmay_strange_pillars, uniq_robin,
          uniq_terence, uniq_sigmund
D:3:      layout_loops_cross, uniq_jessica, uniq_crazy_yiuf_cottage,
          uniq_natasha

Skill      XL: |  1  2 |
---------------+-------+-----
Fire Magic     | 4 |  4.3
Dodging        | |  2.4
Stealth        | |  2.8
Spellcasting   | |  3.2
Conjurations   | |  1.3

Action                   || total
-------------------------++-------
Melee: Unarmed           ||     5
 Cast: Foxfire           ||    56
Armor: Robe              ||     9
Dodge: Dodged            ||    17

Table legend: (Time is in decaauts)
 A = Elapsed time spent in this place.
 B = Non-inter-level travel time spent in this place.
 C = Inter-level travel time spent in this place.
 D = Time resting spent in this place.
 E = Time spent auto-exploring this place.
 F = Levels seen in this place.
 G = Mean time per level.
                   A        B        C        D        E       F      G
               +--------+--------+--------+--------+--------+-----+--------+
         Total |   1662 |   1648 |     14 |    360 |    952 |   3 |  554.0 |
       Dungeon |   1662 |   1648 |     14 |    360 |    952 |   3 |  554.0 |
               +--------+--------+--------+--------+--------+-----+--------+

Top non-repeatable levels by time:
     D:1: 1350 daAuts
     D:2: 270 daAuts
     D:3: 41 daAuts
